AoeStats
← DexterDeLaCruz

Arena

503931326Analyzed
2v2 RM · 29d ago on Sep 3, 2026· 83m 40s· 4 players
Game mode
Random Map
Map size
Medium (4 player)
Population
200
Speed
Normal
Resources
Standard
Victory
Conquest
Starting age
Dark Age
Ending age
Imperial Age
RankedLock teamsTeams togetherTeam positionsShared explorationLock speedFull tech treeHidden civsTurbo modeCheats
Victory
Defeat
🇦🇷 Burgundians · Argentina
704
+14
🇦🇷 Spanish · Argentina
655
+17
🇺🇸 Mongols · United States
671
-16
🇺🇸 Bohemians · United States
659
-15
DexterDeLaCruz
12:35 Feudal Age
12:41 Loom
13:27 Double-Bit Axe
13:26 Horse Collar
14:38 Wheelbarrow
19:02 Castle Age
20:00 Hand Cart
19:48 Heavy Plow
20:01 Bow Saw
23:17 Fervor
23:58 Fortified Wall
24:51 Chemistry
24:25 Murder Holes
24:43 Caravan
30:03 Pikeman
34:12 Imperial Age
32:28 Arson
34:28 Forging
34:19 Scale Mail Armor
35:05 Halberdier
35:46 Squires
36:25 Iron Casting
36:06 Chain Mail Armor
36:20 Elite Hussite Wagon
37:21 Conscription
37:11 Wagenburg Tactics
37:35 Ballistics
37:23 Siege Engineers
39:00 Two-Man Saw
40:42 Fletching
40:53 Padded Archer Armor
41:53 Blast Furnace
41:08 Chain Mail Armor
40:59 Scale Barding Armor
41:09 Masonry
40:40 Treadmill Crane
42:09 Bodkin Arrow
42:29 Leather Archer Armor
49:33 Town Watch
50:24 Plate Mail Armor
50:14 Chain Barding Armor
49:54 Bracer
50:25 Ring Archer Armor
67:24 Elite Skirmisher
69:25 Architecture
77:57 Town Patrol
Snap Marley
12:10 Feudal Age
13:34 Feudal Age
17:43 Castle Age
15:55 Horse Collar
16:03 Double-Bit Axe
19:13 Heavy Plow
21:53 Wheelbarrow
23:21 Hand Cart
27:49 Thumb Ring
27:38 Fletching
27:49 Padded Archer Armor
27:54 Scale Barding Armor
27:56 Stone Mining
33:10 Imperial Age
30:30 Town Watch
30:31 Loom
31:54 Bodkin Arrow
33:40 Squires
33:01 Pikeman
34:17 Conscription
33:56 Gold Mining
34:44 Stone Shaft Mining
34:29 Town Patrol
35:08 Elite Mangudai
36:49 Gold Shaft Mining
37:20 Bracer
37:31 Forging
37:42 Chain Barding Armor
37:38 Leather Archer Armor
37:37 Bloodlines
37:28 Husbandry
37:48 Scale Mail Armor
37:34 Heavy Camel Rider
40:30 Iron Casting
47:22 Blast Furnace
46:39 Chain Mail Armor
46:14 Onager
48:49 Siege Onager
50:02 Caravan
53:21 Bow Saw
58:07 Murder Holes
59:13 Chemistry
58:34 Ballistics
58:27 Fortified Wall
61:44 Parthian Tactics
61:24 Heavy Cavalry Archer
73:02 Elite Steppe Lancer
78:15 Capped Ram
79:12 Siege Ram
PatoCosta90
6:10 Loom
11:22 Feudal Age
13:13 Wheelbarrow
13:13 Double-Bit Axe
16:51 Scale Barding Armor
16:38 Fletching
16:49 Padded Archer Armor
23:09 Castle Age
22:20 Forging
22:52 Gold Mining
22:59 Stone Mining
26:00 Hand Cart
32:21 Stone Shaft Mining
32:21 Caravan
38:04 Iron Casting
37:21 Horse Collar
37:59 Bow Saw
41:38 Imperial Age
40:29 Iron Casting
42:51 Elite Conquistador
46:58 Conscription
48:24 Pikeman
49:04 Squires
50:37 Halberdier
51:05 Gambesons
51:37 Bloodlines
51:30 Husbandry
55:17 Hoardings
56:46 Capped Ram
57:57 Siege Ram
65:45 Town Watch
67:04 Chemistry
66:01 Murder Holes
66:20 Fortified Wall
66:48 Light Cavalry
72:03 Hussar
73:21 Heavy Plow
Ferna
7:46 Loom
9:40 Feudal Age
9:04 Double-Bit Axe
10:12 Horse Collar
11:36 Wheelbarrow
15:23 Gold Mining
18:31 Castle Age
17:23 Bow Saw
22:06 Two-Man Saw
21:47 Cavalier
23:48 Scale Mail Armor
23:54 Scale Barding Armor
24:12 Forging
25:32 Husbandry
25:58 Heavy Plow
25:51 Stone Mining
26:41 Gold Shaft Mining
28:28 Stone Shaft Mining
29:35 Hand Cart
30:29 Crop Rotation
33:35 Imperial Age
31:57 Iron Casting
31:43 Chain Barding Armor
33:25 Fletching
33:36 Padded Archer Armor
33:37 Scale Mail Armor
35:33 Paladin
36:01 Onager
37:37 Ballistics
38:18 Chemistry
40:05 Masonry
42:23 Burgundian Vineyards
43:48 Leather Archer Armor
43:29 Bodkin Arrow
44:10 Plate Barding Armor
44:36 Blast Furnace
45:27 Light Cavalry
46:11 Bracer
51:07 Hoardings
50:54 Conscription
58:38 Scale Mail Armor
62:04 Hussar
63:15 Town Watch
76:46 Chain Mail Armor
77:10 Architecture
84:00 Town Patrol
Connection lost

Rejoining the realm…

Still unreachable

The connection could not be restored.

Session expired

The server has moved on; the page needs a fresh start.